 Dungeon Crawl Stone Soup version 0.21-a0-584-g185da8e (webtiles) character file.

417 SpeedyPerson7 the Chopper (level 6, -3/57 HPs)
             Began as a Minotaur Berserker on Dec 20, 2017.
             Was a Believer of Trog.
             Slain by a hound (5 damage)
             ... on level 4 of the Dungeon.
             The game lasted 00:01:51 (1728 turns).

SpeedyPerson7 the Chopper (Minotaur Berserker)      Turns: 1728, Time: 00:01:52

Health: -3/57      AC:  2    Str: 24    XL:     6   Next: 61%
Magic:  0/5        EV: 12    Int:  4    God:    Trog [**....]
Gold:   57         SH:  0    Dex:  9    Spells: 5/5 levels left

rFire    . . .     SeeInvis .   a - +0 hand axe
rCold    . . .     Gourm    .   (no shield)
rNeg     . . .     Faith    .   b - +0 animal skin
rPois    .         Spirit   +   (helmet restricted)
rElec    .         Reflect  .   (no cloak)
rCorr    .         Harm     .   (no gloves)
MR       .....     Rnd*Tele +   (no boots)
Stlth    +.........             k - amulet of guardian spirit (curse)
HPRegen  0.19/turn              n - ring of teleportation (curse)
MPRegen  0.09/turn              (no ring)

@: berserk cooldown, slowed, very slow
A: retaliatory headbutt, horns 2
a: Berserk, Trog's Hand, Burn Spellbooks, Renounce Religion


You were on level 4 of the Dungeon.
You worshipped Trog.
Trog was pleased with you.
You were not hungry.

You visited 1 branch of the dungeon, and saw 4 of its levels.

You collected 57 gold pieces.

Inventory:

Hand Weapons
 a - a +0 hand axe (weapon)
Armour
 b - a +0 animal skin (worn)
Jewellery
 k - a cursed amulet of guardian spirit (around neck)
 n - a cursed ring of teleportation (left hand)
Scrolls
 c - a scroll of fear
 i - 6 scrolls of identify
 t - a scroll of teleportation
Potions
 d - a potion of haste {unknown}
 f - 2 potions of might {unknown}
 h - a potion of berserk rage {unknown}
 j - 2 potions of agility {unknown}
 m - a potion of mutation {unknown}
Comestibles
 e - 5 rations
 o - 3 chunks of flesh


   Skills:
 + Level 6.0 Fighting
 * Level 7.7 Axes
 - Level 2.4 Armour
 - Level 2.1 Dodging


You had 5 spell levels left.
You didn't know any spells.

Dungeon Overview and Level Annotations

Branches:
Dungeon (4/15)
 Temple: D:4-7

Altars:


Innate Abilities, Weirdness & Mutations

You reflexively headbutt those who attack you in melee.
You have a pair of horns on your head.


Message History

You completely miss the adder skeleton.
The adder skeleton is moderately damaged.
The adder skeleton closely misses you. You furiously retaliate!
You headbutt the adder skeleton!
You destroy the adder skeleton!
Trog accepts your kill.
You feel a strong urge to attack something.
You are no longer berserk.
You are exhausted.
You feel yourself slow down. The hound bites you.
* * * LOW HITPOINT WARNING * * *
You closely miss the hound. The hound bites you.
* * * LOW HITPOINT WARNING * * *
The hound bites you.
* * * LOW HITPOINT WARNING * * *
Unknown command.
You closely miss the hound.
You headbutt the hound, but do no damage.
The hound bites you.
You die...

................#.. ....
................#.. ...
................... ..
...................#### .
#....................
..##......))...# ###.
........?..)))..# #...
................# #...
........@.......# #...
.........h......## #...#.
..<....%.†...............
............###..........
............###.........#
........................#
#
########................#
... #...........
.....###...........


You could see a hound.

Vanquished Creatures
  2 ogres (D:4)
  A howler monkey (D:4)
  A hound (D:4)
  A gnoll shaman (D:4)
  A worker ant (D:4)
  4 gnolls (D:4)
  2 adders
  2 oozes
  An adder skeleton (D:4)
  A worm (D:2)
  A dart slug (D:1)
  A giant cockroach (D:1)
  5 goblins
  4 hobgoblins
  5 jackals
  8 bats
  A frilled lizard (D:2)
  6 kobolds
  9 rats
56 creatures vanquished.

Notes
Turn   | Place    | Note
-------+----------+-------------------------------------------
     0 | D:1      | SpeedyPerson7 the Minotaur Berserker began the quest for the Orb.
     0 | D:1      | Reached XP level 1. HP: 19/19 MP: 0/0
   206 | D:1      | Reached skill level 4 in Axes
   244 | D:1      | Reached XP level 2. HP: 18/27 MP: 1/1
   660 | D:2      | Reached XP level 3. HP: 27/33 MP: 2/2
   839 | D:2      | Reached ** piety under Trog
   961 | D:2      | Reached skill level 5 in Axes
  1578 | D:4      | Reached XP level 4. HP: 41/41 MP: 3/3
  1583 | D:4      | Noticed an ogre
  1586 | D:4      | Noticed an ogre
  1589 | D:4      | Killed an ogre
  1589 | D:4      | Reached skill level 5 in Fighting
  1589 | D:4      | Reached skill level 6 in Axes
  1589 | D:4      | Reached XP level 5. HP: 48/48 MP: 4/4
  1596 | D:4      | Killed an ogre
  1596 | D:4      | Reached skill level 7 in Axes
  1596 | D:4      | Reached XP level 6. HP: 46/56 MP: 5/5
  1727 | D:4      | HP: 2/57 [hound (1)]
  1728 | D:4      | Slain by a hound

Vault maps used:
D:1:      dpeg_arrival_three_same_balls
D:2:      minmay_misc_feat_four_crosses, kennysheep_nondescript,
          hangedman_feature_mirror

Skill      XL: |  1  2  3  4  5  6 |
---------------+-------------------+-----
Axes           | 4 5 6 7 |  7.7
Fighting       | 4 5 6 |  6.0
Armour         | |  2.4
Dodging        | |  2.1

Action                   |  1- 3 |  4- 6 || total
-------------------------+-------+-------++-------
Melee: Hand axe          |    88 |    31 ||   119
       Headbutt          |    11 |    12 ||    23
Invok: Berserk           |     1 |     2 ||     3
  Use: Scroll            |       |     3 ||     3
  Eat: Chunk             |     2 |       ||     2
       Ration            |       |     1 ||     1
Armor: Animal skin       |    23 |     1 ||    24
Dodge: Dodged            |    60 |    24 ||    84

Table legend:
 A = Spawn XP
 B = Non-spawn XP
 C = Spawn XP percentage of total XP
 D = Spawn monster count
 E = Non-spawn monster count
 F = Spawn count percentage of total count
 G = Total turns spent on level
                    A         B        C        D         E        F      G
               +---------+---------+-------+---------+---------+-------+---------
         Total |       0 |     597 |   0.0 |       0 |      56 |   0.0 |  1728
               +---------+---------+-------+---------+---------+-------+---------
           D:1 |       0 |      28 |   0.0 |       0 |      17 |   0.0 |   630
           D:2 |       0 |      45 |   0.0 |       0 |      16 |   0.0 |   451
           D:3 |       0 |      23 |   0.0 |       0 |       8 |   0.0 |   496
           D:4 |       0 |     501 |   0.0 |       0 |      15 |   0.0 |   151
               +---------+---------+-------+---------+---------+-------+---------
